 Dungeon Crawl Stone Soup version 0.28-a0-697-g47f3eba078 (webtiles) character file.

Game seed: 6618533349978859004

1130 Armakuni the Skirmisher (level 8, -17/62 HPs)
             Began as a Human Artificer on Oct 23, 2021.
             Was an Initiate of Ru.
             Demolished by a komodo dragon (28 damage)
             ... on level 6 of the Dungeon.
             The game lasted 00:14:53 (6791 turns).

Armakuni the Skirmisher (Human Artificer)           Turns: 6791, Time: 00:14:54

Health: -17/62     AC:  6    Str: 14    XL:     8   Next: 62%
Magic:  8/8        EV: 13    Int: 12    God:    Ru [......]
Gold:   313        SH:  0    Dex: 14    Spells: 7/7 levels left

rFire   . . .      SeeInvis .   b - +0 quarterstaff
rCold   . . .      Faith    .   (shield currently unavailable)
rNeg    . . .      Spirit   .   w - +1 leather armour
rPois   .          Reflect  .   (no helmet)
rElec   .          Harm     .   s - scarf {shadows}
rCorr   .          Rampage  .   h - +1 pair of gloves
Will    +....                   (no boots)
Stlth   +.........              A - amulet of the acrobat
HPRegen 0.20/turn               W - ring of willpower
MPRegen 0.11/turn               (no ring)

@: no status effects
A: no striking features
a: Renounce Religion


You were on level 6 of the Dungeon.
You worshipped Ru.
Ru was noncommittal.
You visited 2 branches of the dungeon, and saw 8 of its levels.

You collected 313 gold pieces.

Inventory:

Hand Weapons
 a - a +0 short sword of venom
 b - a +0 quarterstaff (weapon)
 p - a +0 mace of draining
Missiles
 g - 37 poisoned darts
Armour
 h - a +1 pair of gloves (worn)
 m - a +0 plate armour
 s - a scarf of shadows (worn)
 w - a +1 leather armour (worn)
Jewellery
 A - an amulet of the acrobat (around neck)
 W - a ring of willpower (left hand)
Wands
 c - a wand of flame (20) (quivered)
 d - a wand of charming (5)
 q - a wand of polymorph (22)
Scrolls
 l - 2 scrolls of enchant armour
 t - 2 scrolls of fog
Potions
 f - a potion of invisibility
 i - 8 potions of curing
 j - a potion of ambrosia
 k - a potion of cancellation
 n - a potion of berserk rage {unknown}
 o - a potion of brilliance {unknown}
 r - a potion of degeneration {unknown}
 v - 2 potions of lignification {unknown}
 x - a potion of flight {unknown}
 z - a potion of attraction {unknown}
Miscellaneous
 e - a piece from Xom's chessboard (1/15)


   Skills:
 - Level 5.3 Fighting
 - Level 0.9(2.4) Maces & Flails
 + Level 3.6(3.7) Staves
 - Level 5.0 Armour
 - Level 5.0 Dodging
 - Level 1.0 Stealth
 - Level 3.0 Evocations


You had 7 spell levels left.
You didn't know any spells.
Your spell library contained the following spells:

 Spells                   Type           Power      Damage    Failure   Level
 Passwall                 Tmut/Erth      0%         N/A       52%         2
 Swiftness                Air            0%         N/A       77%         3
 Invisibility             Hex            0%         N/A       100%        6


Dungeon Overview and Level Annotations

Branches:
Dungeon (7/15)             Temple (1/1) D:4

Altars:
Ashenzari
Cheibriados
Dithmenos
Elyvilon
Fedhas
Hepliaklqana
Kikubaaqudgha
Nemelex Xobeh
Okawaru
Qazlal
Ru
Trog
Uskayaw
Vehumet
Xom
Yredelemnul
The Shining One


Message History

The ufetubus completely misses you.
The ufetubus hits you but does no damage.
You sock the ufetubus!
You kill the ufetubus!
No target in view!
No target in view!
There is a stone staircase leading down here.
Found an escape hatch in the ceiling.
There is an escape hatch in the ceiling here.
Found a whip.
z - a yellow potion
As you read the scroll of identify, it crumbles to dust.
k - a potion of cancellation
There is a stone staircase leading down here.
The komodo dragon hisses angrily.
Aiming: Charm
Press: ? - help, Shift-Dir - straight line, f - komodo dragon
Aim: a komodo dragon (chance to affect: 37%)
The komodo dragon easily resists.
The komodo dragon bites you!
Aiming: Charm
Press: ? - help, Shift-Dir - straight line, f/p - komodo dragon
Aim: a komodo dragon (chance to affect: 37%)
The komodo dragon easily resists.
The komodo dragon bites you!!
Aiming: Charm
Press: ? - help, Shift-Dir - straight line, f/p - komodo dragon
Aim: a komodo dragon (chance to affect: 37%)
The komodo dragon easily resists.
The komodo dragon bites you!!
* * * LOW HITPOINT WARNING * * *
Aiming: Charm
Press: ? - help, Shift-Dir - straight line, f/p - komodo dragon
Aim: a komodo dragon (chance to affect: 37%)
Okay, then.
Unknown command.
Okay, then.
Unknown command.
Aiming: Charm
Press: ? - help, Shift-Dir - straight line, f/p - komodo dragon
Aim: a komodo dragon (chance to affect: 37%)
The komodo dragon easily resists.
The komodo dragon bites you!!
You die...

#.##.##.##.##........#
##.##..#..#..#..#.#.#.#
###########..##..#..#..#..#......
.........#....#..#..#..#..###....
.)..###..#.####..)..#....## ###.#
....# #....(..##########.# #.#
....###..#.#####.#.......# ...
.........#>#####.........# #...
.........#......@........# #..
.....############l#.#..#.# ##.###
##.....)#.# #.# ##...>##.#.# #.#
#.....##.#.## #.# ..............
#.# ......#....... ##.#
.............# #..#
.#......######


You could see a komodo dragon.

Vanquished Creatures
  Sigmund (D:3)
  A water moccasin (D:5)
  A necrophage (D:7)
  An ice beast (D:6)
  An ogre (D:4)
  A scorpion (D:4)
  2 water moccasin skeletons
  A centaur zombie (D:5)
  2 orc priests (D:3)
  A bullfrog skeleton (D:5)
  A hound (D:5)
  A centaur skeleton (D:6)
  Jessica (D:3)
  4 orc wizards (D:5)
  4 adders
  An ufetubus (D:6)
  3 dart slugs
  17 orcs
  3 endoplasms
  2 giant cockroaches (D:4)
  5 goblins
  6 hobgoblins
  3 quokkas
  8 ball pythons
  2 bats
  2 frilled lizards
  14 kobolds
  6 rats
95 creatures vanquished.

Vanquished Creatures (collateral kills)
  3 orcs (D:3)
3 creatures vanquished.

Vanquished Creatures (others)
  An orc priest (D:5)
1 creature vanquished.

Grand Total: 99 creatures vanquished

Notes
Turn   | Place    | Note
-------+----------+-------------------------------------------
     0 | D:1      | Armakuni the Human Artificer began the quest for the Orb.
     0 | D:1      | Reached XP level 1. HP: 15/15 MP: 1/1
   218 | D:1      | Reached XP level 2. HP: 21/21 MP: 2/2
   901 | D:1      | Reached XP level 3. HP: 28/28 MP: 3/3
  1707 | D:2      | Reached XP level 4. HP: 35/35 MP: 4/4
  2165 | D:3      | Found a bloodstained altar of Trog.
  2439 | D:3      | Reached XP level 5. HP: 41/42 MP: 5/5
  2474 | D:3      | Noticed Jessica
  2479 | D:3      | Killed Jessica
  2729 | D:3      | Reached skill level 5 in Fighting
  2796 | D:3      | Found a faded altar of an unknown god.
  2934 | D:3      | Noticed Sigmund
  2949 | D:3      | Killed Sigmund
  2950 | D:3      | Reached XP level 6. HP: 51/51 MP: 6/6
  2956 | D:3      | Found an ancient bone altar of Kikubaaqudgha.
  3447 | D:4      | Found a staircase to the Ecumenical Temple.
  3454 | Temple   | Entered the Ecumenical Temple
  3757 | Temple   | Became a worshipper of Ru the Awakened
  4205 | D:4      | Found a white marble altar of Elyvilon.
  4278 | D:4      | Reached XP level 7. HP: 38/56 MP: 7/7
  4647 | D:5      | Entered Level 5 of the Dungeon
  5175 | D:5      | Found a hazy altar of Hepliaklqana.
  5454 | D:5      | Found a shadowy altar of Dithmenos.
  5454 | D:5      | Noticed a shadow
  5551 | D:5      | Reached XP level 8. HP: 58/59 MP: 8/8
  5848 | D:5      | Reached skill level 5 in Armour
  5848 | D:5      | Reached skill level 5 in Dodging
  6241 | D:6      | Noticed a komodo dragon
  6791 | D:6      | Demolished by a komodo dragon

Illustrated notes

Levels and vault maps discovered:
D:1:      mushboom_english_gardens, layout_loops_ring, minmay_statues_item,
          minmay_misc_feat_nine_boxes
D:2:      layout_basic
D:3:      cheibrodos_pilgrimage, layout_basic,
          mainiacjoe_overflow_concentric_impassable, kiku_gazebo_pond_becter,
          ebering_ecumenical_altar_hall, uniq_jessica, uniq_sigmund
D:4:      layout_gridville, kennysheep_little_box,
          minmay_temple_entry_junction_2, hangedman_decor_slide_cut
D:5:      layout_loops_ring, riverfiend_overflow_shadow_ancestor
D:6:      minmay_angry_zag, layout_loops_cross, nzn_wu_jian_contemplation,
          lemuel_blue_sif_altar, zin_scriptorium
D:7:      layout_basic, lemuel_tele_altar
Temple:   hc_temple_tempest_star

Skill      XL: |  1  2  3  4  5  6  7  8 |
---------------+-------------------------+-----
Fighting       | 2 3 4 5 |  5.3
Armour         | 3 4 5 |  5.0
Dodging        | 2 3 4 5 |  5.0
Staves         | 3 |  3.6
Maces & Flails | |  0.9
Stealth        | |  1.0
Evocations     | |  3.0

Action                   |  1- 3 |  4- 6 |  7- 9 || total
-------------------------+-------+-------+-------++-------
Melee: Club              |    11 |       |       ||    11
       Short sword       |    65 |    87 |    77 ||   229
       Mace              |       |     9 |     5 ||    14
       Quarterstaff      |       |       |    17 ||    17
Throw: Dart              |    12 |     4 |    10 ||    26
Invok: Reject Sacrifices |       |       |     1 ||     1
Evoke: Piece from Xom's  |     2 |     4 |    18 ||    24
       Wand              |     1 |     3 |    34 ||    38
  Use: Scroll            |     7 |     2 |     5 ||    14
       Potion            |       |     1 |       ||     1
 Stab: Paralysed         |       |     7 |       ||     7
       Sleeping          |       |     1 |     2 ||     3
Armor: Leather armour    |    24 |    13 |    26 ||    63
Dodge: Dodged            |    35 |    56 |    93 ||   184

Table legend: (Time is in decaauts)
 A = Elapsed time spent in this place.
 B = Non-inter-level travel time spent in this place.
 C = Inter-level travel time spent in this place.
 D = Time resting spent in this place.
 E = Time spent auto-exploring this place.
 F = Levels seen in this place.
 G = Mean time per level.
                   A        B        C        D        E       F      G
               +--------+--------+--------+--------+--------+-----+--------+
         Total |   6823 |   6589 |    234 |   1928 |   3379 |   8 |  852.9 |
       Dungeon |   6499 |   6330 |    169 |   1928 |   3140 |   7 |  928.4 |
        Temple |    324 |    259 |     65 |      0 |    238 |   1 |  324.0 |
               +--------+--------+--------+--------+--------+-----+--------+

Top non-repeatable levels by time:
     D:4: 1396 daAuts
     D:5: 1344 daAuts
     D:3: 1163 daAuts
     D:1: 1136 daAuts
     D:2: 818 daAuts
     D:6: 339 daAuts
  Temple: 324 daAuts
     D:7: 301 daAuts
